 Dungeon Crawl Stone Soup version 0.30-a0-122-g2a1322497e (webtiles) character file.

Game seed: 10215720593256130455

83 ytrimaz the Grave Robber (level 4, -1/30 HPs)
             Began as a Mummy Necromancer on Sept 16, 2022.
             Slain by a goblin
             ... wielding a +0 dagger
             ... led by Robin
              (5 damage)
             ... on level 4 of the Dungeon.
             The game lasted 00:05:15 (3244 turns).

ytrimaz the Grave Robber (Mummy Necromancer)        Turns: 3244, Time: 00:05:16

Health: -1/30      AC:  3    Str: 11    XL:     4   Next: 22%
Magic:  5/8        EV: 12    Int: 22    God:
Gold:   130        SH:  0    Dex: 12    Spells: 4/8 levels left

rFire   x . .      SeeInvis .    (no weapon)
rCold   + . .      Faith    +    (no shield)
rNeg    + + +      Spirit   .    a - +1 robe
rPois   ∞          Reflect  .    (no helmet)
rElec   .          Harm     .    (no cloak)
rCorr   .          Rampage  .    (no gloves)
Will    .....                    (no boots)
Stlth   ++........               (no amulet)
HPRegen 0.10/turn                d - +6 ring of intelligence
MPRegen 0.11/turn                (no ring)

@: about to teleport
A: cold resistance 1, negative energy resistance 3, torment resistance 2, heat
vulnerability 1, in touch with death 1, no potions, faith
a: no special abilities


You were on level 4 of the Dungeon.
You visited 1 branch of the dungeon, and saw 4 of its levels.

You collected 130 gold pieces.


Innate Abilities, Weirdness & Mutations

You are immune to poison.
Your flesh is cold resistant. (rC+)
You are immune to negative energy. (rN+++)
You are immune to unholy pain and torment.
You are vulnerable to heat. (rF-)
You are in touch with the powers of death.
You do not drink.
You have a special connection with the divine. (Faith)


   Skills:
 - Level 1.5 Dodging
 - Level 1.5 Stealth
 - Level 2.6 Spellcasting
 + Level 5.8 Necromancy


You had 4 spell levels left.
You knew the following spells:

 Your Spells              Type           Power      Damage    Failure   Level
a - Necrotise             Necr           100%       1d9       1%          1
b - Vampiric Draining     Necr           42%        2d9       3%          3

Your spell library contained the following spells:

 Spells                   Type           Power      Damage    Failure   Level
 Animate Dead             Necr           42%        N/A       12%         4
 Magic Dart               Conj           8%         1d3       13%         1
 Call Imp                 Summ           2%         N/A       19%         2
 Mephitic Cloud           Conj/Pois/Air  2%         N/A       36%         3
 Petrify                  Tmut/Erth      2%         N/A       77%         4
 Agony                    Necr           42%        N/A       32%         5
 Irradiate                Conj/Tmut      1%         3d12      98%         5
 Sublimation of Blood     Necr           Unusable   N/A       N/A         2

Inventory:

Armour
 a - a +1 robe (worn)
Jewellery
 d - a +6 ring of intelligence (left hand)
   (You found it on level 1 of the Dungeon)
Scrolls
 b - a scroll of enchant armour
 f - a scroll of amnesia
 g - a scroll of immolation
 h - a scroll of noise

Dungeon Overview and Level Annotations

Branches:
Dungeon (4/15) Zot: 20756
 Temple: D:4-7

Altars:
Dithmenos
Makhleb

Annotations:
D:4 Robin

#.#.# #.#.####
###.#.....
#...#... #....g##
..#.###......####.
.......ggg.S......
.#.#.#gggg.!.....
#@#'#.##..##
#g#..... .
..#....?..
.###.#.##.... ..
#.#.# .... ..
#.#.. ... ...
#.#... .. ...


You could see Robin, a hobgoblin (strong), 7 goblins and a ball python.


Message History

A goblin comes into view. It is wielding a +0 dagger.
The goblin barely misses your hobgoblin skeleton.
You feel a surge of power!
The goblin writhes in agony.
You kill the goblin!
The dead are walking!
The goblin unwields a +0 dagger.
The goblin wields a +0 sling.
The goblin shoots a sling bullet.
The sling bullet hits you.
Robin says, "My goblins will feast on your bones."
Robin hits your hobgoblin skeleton with a +0 dagger.
A hobgoblin comes into view.
Unknown command. 😕 HP[-4] MP[-1]
You take 4 damage, and now have 26/30 hp.
You lost 1 mp, and now have 3/8 mp.
You can't see any susceptible monsters within range! (Use Z to cast anyway.)
You can't see any susceptible monsters within range! (Use Z to cast anyway.) Unknown command.
Your hobgoblin skeleton barely misses Robin.
Robin barely misses your hobgoblin skeleton.
There is a stone staircase leading up here.
Your hobgoblin skeleton hits Robin but does no damage.
The goblin hits your goblin skeleton with a +0 club.
A goblin comes into view. It is wielding a +0 dagger.
A goblin comes into view. It is wielding a +0 dagger of venom.
Robin roars a battlecry!
The goblins go into a battle-frenzy!
You hear a shout!
You can't see any susceptible monsters within range! (Use Z to cast anyway.) Unknown command.
You hear an angry hiss.
The goblin shoots a sling bullet.
The sling bullet completely misses you.
Your goblin skeleton hits the goblin.
Robin hits your hobgoblin skeleton with a +0 dagger.
Your hobgoblin skeleton is destroyed!
The goblin hits your goblin skeleton with a +0 club.
Your goblin skeleton is destroyed!
There is a stone staircase leading up here. 😕 MP[+1]
You open the door. Robin throws the goblin at you!
The goblin hits you but does no damage.
The goblin hits your goblin skeleton with a +0 club. 😕 HP[-1]
You take 1 damage, and now have 25/30 hp.
A quokka comes into view.
Your goblin skeleton barely misses the goblin.
Robin throws the goblin at you!
The goblin hits you with a +0 dagger of venom.
Unknown command. 😮 HP[-5]
You take 5 damage, and now have 20/30 hp.
You closely miss the goblin.
The goblin shoots a sling bullet.
The sling bullet closely misses you.
Robin hits your goblin skeleton with a +0 dagger.
Your goblin skeleton hits Robin but does no damage.
The goblin misses you.
A goblin comes into view. It is wielding a +0 dagger.
The hobgoblin hits your goblin skeleton!
Your goblin skeleton is destroyed!
The goblin hits you with a +0 dagger.
Unknown command. 😮 HP[-2]
You take 2 damage, and now have 18/30 hp.
The goblin shouts!
You hit the goblin.
You hear a shout!
The goblin shoots a sling bullet.
The sling bullet hits you.
* * * LOW HITPOINT WARNING * * *
The goblin hits you but does no damage.
The goblin barely misses you. x2 😨 HP[-4]
You take 4 damage, and now have 14/30 hp.
Robin roars a battlecry!
The goblin goes into a battle-frenzy!
The goblin hits you with a +0 dagger of venom.
* * * LOW HITPOINT WARNING * * *
A goblin comes into view. It is wielding a +0 dagger.
The goblin hits you but does no damage. x2 😨 HP[-3]
You take 3 damage, and now have 11/30 hp.
The goblin hits you with a +0 dagger of venom.
* * * LOW HITPOINT WARNING * * *
😨 HP[-1]
You take 1 damage, and now have 10/30 hp.
A goblin comes into view. It is wielding a +0 club.
A ball python comes into view.
The goblin hits you but does no damage.
As you read the scroll of teleportation, it crumbles to dust.
You feel strangely unstable. Robin throws the goblin at you!
The goblin hits you with a +0 dagger of venom.
* * * LOW HITPOINT WARNING * * *
The goblin barely misses you.
You barely miss the goblin.
The goblin unwields a +0 sling.
The goblin wields a +0 dagger.
The goblin barely misses you. x2
The goblin hits you with a +0 dagger of venom.
* * * LOW HITPOINT WARNING * * *
😱 HP[-6] MP[+1]
You take 6 damage, and now have 4/30 hp.
Unknown command.
You closely miss the goblin. The goblin hits you with a +0 dagger.
You die...

Skill      XL: |  1  2 |
---------------+-------+-----
Necromancy     | 5 |  5.8
Dodging        | |  1.5
Stealth        | |  1.5
Spellcasting   | |  2.6

Action                   |  1- 3 |  4- 6 || total
-------------------------+-------+-------++-------
Melee: Unarmed           |    18 |     4 ||    22
 Cast: Necrotise         |    63 |     9 ||    72
  Use: Scroll            |     5 |     3 ||     8
Armor: Robe              |    11 |     6 ||    17
Dodge: Dodged            |    26 |     8 ||    34

Levels and vault maps discovered:
D:1:      nzn_arrival_settlement, layout_rooms, minmay_tree_intersection
D:2:      layout_basic, basic_altar, serial_co_window_serial,
          co_window_corner_a, co_window_paths_b, co_window_of_opportunity_a,
          co_window_of_opportunity_a, co_window_corner_a, co_window_broadway_c,
          co_window_corner_b, co_window_corner_b, co_window_broadway_a,
          co_window_corner_b, co_window_paths_c, co_window_4corner_b,
          glass_columns_a, ebering_ecumenical_altar_abandoned
D:3:      layout_loops_ring, grunt_dithmenos_smoke_and_mirrors
D:4:      layout_basic, elyvilon_altar_1, nicolae_uskayaw_en_pointe,
          gammafunk_temple_of_torment, minmay_temple_entry_from_below_b,
          uniq_robin, uniq_edmund

Notes
Turn   | Place    | Note
-------+----------+-------------------------------------------
     0 | D:1      | ytrimaz the Mummy Necromancer began the quest for the Orb.
     0 | D:1      | Reached XP level 1. HP: 13/13 MP: 4/4
     0 | D:1      | magus.rc [v1.9.6]
     5 | D:1      | You pick up a book of Alchemy and begin reading...
     5 | D:1      | You add the spells Petrify and Irradiate to your library.
    68 | D:1      | Reached XP level 2. HP: 9/19 MP: 1/5
   399 | D:1      | You pick up a book of Minor Magic and begin reading...
   399 | D:1      | You add the spells Magic Dart, Call Imp and Mephitic Cloud
                  | to your library.
  1540 | D:2      | Reached skill level 5 in Necromancy
  1542 | D:2      | Gained mutation: You are in touch with the powers of death.
                  | [Mummy growth]
  1542 | D:2      | Reached XP level 3. HP: 19/24 MP: 1/7
  1549 | D:2      | Learned a level 3 spell: Vampiric Draining
  1641 | D:2      | Found a burning altar of Makhleb.
  1805 | D:2      | Found a faded altar of an unknown god.
  2810 | D:3      | Found a shadowy altar of Dithmenos.
  2834 | D:3      | Reached XP level 4. HP: 30/30 MP: 5/8
  3228 | D:4      | Noticed Robin
  3243 | D:4      | HP: 4/30 [goblin/+0 dagger of venom[Robin] (4)]
  3244 | D:4      | Slain by a goblin

Vanquished Creatures
  3 adders (D:3)
  A worm (D:2)
  2 dart slugs
  2 orcs (D:3)
  3 ball pythons
  4 bats
  2 endoplasms (D:1)
  2 giant cockroaches (D:2)
  5 goblins
  4 hobgoblins
  3 jackals (D:2)
  3 quokkas
  A frilled lizard (D:2)
  4 kobolds (D:2)
  3 rats
42 creatures vanquished.

Vanquished Creatures (collateral kills)
  A ball python (D:1)
  A hobgoblin (D:2)
  A goblin (D:1)
  A rat (D:1)
4 creatures vanquished.

Grand Total: 46 creatures vanquished

Table legend:
 A = Non-vault XP
 B = Vault XP
 C = Vault XP percentage of total XP
 D = Non-vault monster count
 E = Vault monster count
 F = Vault count percentage of total count
                 A         B        C        D         E       F
            +---------+---------+-------+---------+---------+-------
      Total |     113 |       6 |   5.0 |      43 |       3 |   6.5
            +---------+---------+-------+---------+---------+-------
        D:1 |      20 |       0 |   0.0 |      11 |       0 |   0.0
        D:2 |      38 |       0 |   0.0 |      21 |       0 |   0.0
        D:3 |      55 |       0 |   0.0 |      11 |       0 |   0.0
        D:4 |       0 |       6 | 100.0 |       0 |       3 | 100.0
            +---------+---------+-------+---------+---------+-------

Illustrated notes

Table legend:
 A = Kills in this place as a percentage of kills in entire the game.
 B = Kills by you in this place as a percentage of kills by you in the entire game.
 C = Kills by friends in this place as a percentage of kills by friends in the entire game.
 D = Other kills in this place as a percentage of other kills in the entire game.
 E = Experience gained in this place as a percentage of experience gained in the entire game.
 F = Experience gained in this place divided by the number of levels of this place that you have seen.
                   A       B       C       D       E      F
               +-------+-------+-------+-------+-------+----------------------
         Total | 100.0 | 100.0 | 100.0 |   N/A | 100.0 |  29.8
       Dungeon | 100.0 | 100.0 | 100.0 |   N/A | 100.0 |  29.8
               +-------+-------+-------+-------+-------+----------------------

Table legend: (Time is in decaauts)
 A = Elapsed time spent in this place.
 B = Non-inter-level travel time spent in this place.
 C = Inter-level travel time spent in this place.
 D = Time resting spent in this place.
 E = Time spent auto-exploring this place.
 F = Levels seen in this place.
 G = Mean time per level.
                   A        B        C        D        E       F      G
               +--------+--------+--------+--------+--------+-----+--------+
         Total |   3242 |   3208 |     34 |    100 |   2835 |   4 |  810.5 |
       Dungeon |   3242 |   3208 |     34 |    100 |   2835 |   4 |  810.5 |
               +--------+--------+--------+--------+--------+-----+--------+

Top non-repeatable levels by time:
     D:2: 1503 daAuts
     D:1: 902 daAuts
     D:3: 817 daAuts
     D:4: 18 daAuts
